 Dungeon Crawl Stone Soup version 0.30-a0-475-g03497ec522 (webtiles) character file.

Game seed: 4804904005756327643

29 cforsyth the Chiller (level 3, 0/24 HPs)
             Began as a Merfolk Ice Elementalist on Dec 20, 2022.
             Slain by a quokka (5 damage)
             ... on level 2 of the Dungeon.
             The game lasted 00:03:13 (616 turns).

cforsyth the Chiller (Merfolk Ice Elementalist)      Turns: 616, Time: 00:03:13

Health: 0/24       AC:  2    Str:  8    XL:     3   Next: 16%
Magic:  6/6        EV: 13    Int: 16    God:
Gold:   47         SH:  0    Dex: 14    Spells: 6/7 levels left

rFire   . . .      SeeInvis .    (no weapon)
rCold   . . .      Faith    .    (no shield)
rNeg    . . .      Spirit   .    a - +0 robe
rPois   .          Reflect  .    (no helmet)
rElec   .          Harm     .    (no cloak)
rCorr   .          Rampage  .    (no gloves)
Will    .....                    (no boots)
Stlth   ++........               (no amulet)
HPRegen 0.24/turn                (no ring)
MPRegen 0.10/turn                (no ring)

@: no status effects
A: (nimble swimmer 2), mertail
a: no special abilities


You were on level 2 of the Dungeon.
You visited 1 branch of the dungeon, and saw 2 of its levels.

You collected 47 gold pieces.

Inventory:

Armour
 a - a +0 robe (worn)
Scrolls
 d - 2 scrolls of teleportation {unknown}
Potions
 b - a potion of magic
 c - a potion of resistance {unknown}
 e - 2 potions of mutation {unknown}
 f - a potion of lignification {unknown}


   Skills:
 + Level 3.4 Dodging
 - Level 2.1 Stealth
 + Level 2.5 Spellcasting
 + Level 4.8 Ice Magic


You had 6 spell levels left.
You knew the following spells:

 Your Spells              Type           Power      Damage    Failure   Level
a - Freeze                Ice            68%        1d8       2%          1

Your spell library contained the following spells:

 Spells                   Type           Power      Damage    Failure   Level
 Frozen Ramparts          Ice            34%        1d6       9%          3
 Ozocubu's Armour         Ice            17%        N/A       9%          3
 Sublimation of Blood     Necr           2%         N/A       30%         2
 Wereblood                Tmut           2%         N/A       30%         2
 Summon Ice Beast         Ice/Summ       9%         N/A       58%         4
 Petrify                  Tmut/Erth      2%         N/A       89%         4
 Metabolic Englaciation   Hex/Ice        4%         N/A       90%         5
 Statue Form              Tmut/Erth      1%         N/A       100%        6
 Summon Hydra             Summ           1%         N/A       100%        7


Dungeon Overview and Level Annotations

Branches:
Dungeon (1/15)

Altars:


Innate Abilities, Weirdness & Mutations

((You are very nimble when in or above water. (Stealth+, EV+, Speed+++)))
Your lower body shifts to a powerful aquatic tail in water.


Message History

The dart slug bites you.
You hit the dart slug but do no damage.
The dart slug is heavily wounded.
You hit the dart slug.
The dart slug is heavily wounded.
The dart slug launches a dart at you. The slug dart misses you.
You hit the dart slug but do no damage.
The dart slug is heavily wounded.
The dart slug bites you.
You hit the dart slug. You punch the dart slug.
The dart slug is almost dead.
You hit the dart slug but do no damage.
The dart slug is almost dead.
The dart slug bites you but does no damage.
You hit the dart slug.
The dart slug is almost dead.
The dart slug bites you.
You hit the dart slug.
You kill the dart slug!
Found a thick robe.
A quokka is nearby!
A quokka is nearby!
A quokka is nearby!
The helpless quokka fails to defend itself.
You hit the quokka but do no damage. The quokka barely misses you. x2
You closely miss the quokka. The quokka barely misses you.
You completely miss the quokka. The quokka barely misses you.
You barely miss the quokka. The quokka bites you.
You closely miss the quokka. The quokka closely misses you.
You closely miss the quokka. The quokka bites you.
The quokka closely misses you.
You are too injured to fight recklessly!
You are too injured to fight recklessly!
You hit the quokka but do no damage. The quokka bites you.
You hit the quokka but do no damage. The quokka bites you.
You miss the quokka. The quokka bites you.
* * * LOW HITPOINT WARNING * * *
You barely miss the quokka. The quokka bites you.
You die...

....###...##.#####...
#....#...............
#...#.#....##.#####..
...#..###+# # #..
#.#.## #.. #....# #..
#....+ + #..
#.....#.### #..###..
#[....#@# #....>..
#.)?..r...# #.......
#.....#.##.# ........
#.....#.. .. ######..
##### #.# ... #.. #.#
.# #.. ..# # #.. #.#
#.. ...


You could see a quokka.

Vanquished Creatures
  An adder (D:2)
  A dart slug (D:2)
  2 ball pythons (D:1)
  A giant cockroach (D:1)
  A goblin (D:1)
  2 quokkas (D:1)
  4 bats
  3 kobolds
  2 rats
17 creatures vanquished.

Notes
Turn   | Place    | Note
-------+----------+-------------------------------------------
     0 | D:1      | cforsyth the Merfolk Ice Elementalist began the quest for
                  | the Orb.
     0 | D:1      | Reached XP level 1. HP: 13/13 MP: 3/3
   203 | D:1      | Reached XP level 2. HP: 19/19 MP: 3/5
   332 | D:1      | You fall into a shaft and drop 1 floor!
   419 | D:2      | Reached XP level 3. HP: 22/24 MP: 0/6
   553 | D:2      | Upgraded the game from 0.30-a0-469-g84de5afbc5 to
                  | 0.30-a0-475-g03497ec522
   616 | D:2      | Slain by a quokka

Illustrated notes

Levels and vault maps discovered:
D:1:      dpeg_arrival_tiny_c, layout_rooms
D:2:      layout_loops_cross, kennysheep_generic_room_13

Skill      XL: |  1 |
---------------+----+-----
Dodging        | 3 |  3.4
Stealth        | |  2.1
Spellcasting   | |  2.5
Ice Magic      | |  4.8

Action                   || total
-------------------------++-------
Melee: Unarmed           ||    35
       Punch             ||     1
 Cast: Freeze            ||    27
 Stab: Sleeping          ||     1
Armor: Robe              ||    11
Dodge: Dodged            ||    46

Table legend: (Time is in decaauts)
 A = Elapsed time spent in this place.
 B = Non-inter-level travel time spent in this place.
 C = Inter-level travel time spent in this place.
 D = Time resting spent in this place.
 E = Time spent auto-exploring this place.
 F = Levels seen in this place.
 G = Mean time per level.
                   A        B        C        D        E       F      G
               +--------+--------+--------+--------+--------+-----+--------+
         Total |    615 |    615 |      0 |      0 |    450 |   2 |  307.5 |
       Dungeon |    615 |    615 |      0 |      0 |    450 |   2 |  307.5 |
               +--------+--------+--------+--------+--------+-----+--------+

Top non-repeatable levels by time:
     D:1: 332 daAuts
     D:2: 283 daAuts
